 Dungeon Crawl Stone Soup version 0.32-a0-560-g4c7f4391e0 (webtiles) character file.

Game seed: 11562973995929445566

2887144 Strat the Conqueror (level 27, 245/245 HPs)
             Began as a Mountain Dwarf Fighter on Feb 29, 2024.
             Was a High Priest of Okawaru.
             Escaped with the Orb
             ... and 5 runes!
             The game lasted 04:26:38 (83986 turns).

Strat the Conqueror (Mountain Dwarf Fighter)       Turns: 83986, Time: 04:26:39

Health: 245/245    AC: 53    Str: 41    XL:     27
Magic:  41/41      EV: 16    Int: 13    God:    Okawaru [*****.]
Gold:   9330       SH:  0    Dex: 17    Spells: 15/38 levels left

rFire   + + .        a - +9 broad axe of Collusion {speed, rPois rF+ Will- rCorr}
rCold   + + +        t - orb of the Catamount {*channel, Will+ Int+3 Slay+2}
rNeg    + + +        v - +14 crystal plate armour of Past Mistakes {rElec}
rPois   +            u - +2 hat of Dramatic Exits {Fly rPois}
rElec   +            E - scarf of Jepolu {shadows, *Corrode rC+++ Dex+6}
rCorr   +            O - +2 pair of gloves of Ewkaisig {Regen+ Int+2 Dex+3}
SInv    +            K - +2 pair of boots "Earthly Heaven" {rPois rN++}
Will    ++...        Q - amulet "Laptezegh" {Faith Str+3 Dex+3} Stlth
                     X - ring "Jodasuxzint" {Fly rF+ SInv}
HPRegen 1.40/turn    g - ring "Tael" {^Drain rC+ rN++ MP+9 Str+6}
MPRegen 0.27/turn

%: corrode self (3%), clarity, faith, channel magic (20%)
@: flying, studying 3 skills
A: runic magic, artefact enchanting, talons 1, clarity, clumsy 2, dopey 1, frail
1, poison resistance
0: Orb of Zot
}: 5/15 runes: serpentine, barnacled, slimy, silver, demonic
a: Renounce Religion, Heroism, Finesse, Duel


You escaped.
You worshipped Okawaru.
Okawaru was extremely pleased with you.
You visited 11 branches of the dungeon, and saw 55 of its levels.
You visited Pandemonium 1 time, and saw 6 of its levels.
You visited the Abyss 1 time.
You visited 1 ziggurat, and saw 9 of its levels.
You also visited: Bailey, Volcano and Wizlab.

You collected 12291 gold pieces.
You spent 2961 gold pieces at shops.

Inventory:

Hand Weapons
 a - the +9 broad axe of Collusion (weapon) {speed, rPois rF+ Will- rCorr}
   (You acquired it on level 5 of the Vaults)

   rF+:       It protects you from fire.
   rPois:     It protects you from poison Will-: It decreases your willpower.
   rCorr:     It protects you from acid and corrosion.
 b - the +9 broad axe of Xiumoffoi {venom, Str+3 Dex+4}
   (You bought it in a shop on level 1 of the Dungeon)

   Str+3:     It affects your strength (+3).
   Dex+4:     It affects your dexterity (+4).
Missiles
 c - 6 darts of dispersal
 n - 10 throwing nets
 o - 50 javelins
 p - 9 curare-tipped darts
 H - 25 silver javelins (quivered)
Armour
 e - the orb of Apathy {mayhem, Will+ rCorr Dex+8}
   (You acquired it on level 1 of the Shoals)

   Dex+8:     It affects your dexterity (+8).
   Will+:     It increases your willpower.
   rCorr:     It protects you from acid and corrosion.
 q - the +0 buckler "Xafirch" {Int+4}
   (You found it in Pandemonium)

   Int+4:     It affects your intelligence (+4).
 t - the orb of the Catamount (worn) {*channel, Will+ Int+3 Slay+2}
   (You took it off Frederick on level 2 of the Vaults)

   Int+3:     It affects your intelligence (+3).
   Slay+2:    It affects your accuracy & damage with ranged weapons and melee
   (+2).
   Will+:     It increases your willpower.
 u - the +2 hat of Dramatic Exits (worn) {Fly rPois}
   (You found it on level 5 of the Pits of Slime)

   rPois:     It protects you from poison Fly: It grants you flight.
 v - the +14 crystal plate armour of Past Mistakes (worn) {rElec}
   (You acquired it on level 4 of the Dungeon)

   rElec:     It insulates you from electricity.
 E - the scarf of Jepolu (worn) {shadows, *Corrode rC+++ Dex+6}
   (You acquired it on level 2 of the Depths)

   Dex+6:     It affects your dexterity (+6).
   rC+++:     It renders you almost immune to cold.
   *Corrode:  It may corrode you when you take damage.
 F - a +2 cloak of stealth
 K - the +2 pair of boots "Earthly Heaven" (worn) {rPois rN++}
   (You acquired it on level 12 of the Dungeon)

   rPois:     It protects you from poison rN++: It greatly protects you from
   negative energy.
 N - the +2 pair of gloves "Enour" {rF++ rN+}
   (You found it on level 4 of the Shoals)

   rF++:      It greatly protects you from fire.
   rN+:       It protects you from negative energy.
 O - the +2 pair of gloves of Ewkaisig (worn) {Regen+ Int+2 Dex+3}
   (You found it on level 2 of the Lair of Beasts)

   Int+2:     It affects your intelligence (+2).
   Dex+3:     It affects your dexterity (+3).
   Regen+:    It increases your rate of health regeneration.
Jewellery
 g - the ring "Tael" (right hand) {^Drain rC+ rN++ MP+9 Str+6}
   (You found it on level 5 of the Pits of Slime)

   [ring of strength]

   Str+6:     It affects your strength (+6).
   rC+:       It protects you from cold.
   rN++:      It greatly protects you from negative energy.
   MP+9:      It affects your magic capacity (+9).
   ^Drain:    It drains your maximum health when unequipped.
 l - the necklace of Bloodlust {Fury *Rage Will++ Int-3 Slay+6}
   (You took it off a spriggan defender on level 3 of the Depths)

   [amulet of nothing]

   Fury:      It extends the wearer's berserk rage when killing foes.
   Int-3:     It affects your intelligence (-3).
   Slay+6:    It affects your accuracy & damage with ranged weapons and melee
   (+6).
   Will++:    It greatly increases your willpower.
   *Rage:     It berserks you when you make melee attacks (+50% chance).
 w - the ring of Goexi {rC- Str+3 Int+4 SInv}
   (You took it off a spriggan rider on level 3 of the Depths)

   [ring of see invisible]

   Str+3:     It affects your strength (+3).
   Int+4:     It affects your intelligence (+4).
   rC-:       It makes you vulnerable to cold.
   SInv:      It lets you see invisible.
 L - a +6 ring of dexterity
 Q - the amulet "Laptezegh" (around neck) {Faith Str+3 Dex+3}
   (You took it off a deep elf death mage on level 3 of the Elven Halls)

   [amulet of faith]

   Faith:     It allows you to gain divine favour quickly.
   Str+3:     It affects your strength (+3).
   Dex+3:     It affects your dexterity (+3).
 X - the ring "Jodasuxzint" (left hand) {Fly rF+ SInv}
   (You took it off a deep elf sorcerer on level 3 of the Elven Halls)

   [ring of see invisible]

   rF+:       It protects you from fire.
   SInv:      It lets you see invisible.
   Fly:       It grants you flight.
Wands
 f - a wand of mindburst (65)
 B - a wand of warping (90)
 U - a wand of light (31)
 V - a wand of digging (9)
 W - a wand of polymorph (19)
 Y - a wand of paralysis (44)
 Z - a wand of flame (36)
Scrolls
 m - 7 scrolls of teleportation
 x - 5 scrolls of fog
 y - a scroll of fear
 C - 7 scrolls of revelation
 G - 3 scrolls of silence
 I - 7 scrolls of enchant armour
 M - 13 scrolls of poison
Potions
 d - 16 potions of brilliance
 h - 3 potions of resistance
 i - 19 potions of curing
 j - 3 potions of haste
 k - 19 potions of mutation
 s - 4 potions of enlightenment
 z - a potion of cancellation
 A - 3 potions of invisibility
 D - 13 potions of magic
 J - 4 potions of ambrosia
 P - 7 potions of might
 S - 6 potions of berserk rage
 T - 3 potions of heal wounds
Miscellaneous
 r - a condenser vane


   Skills:
 O Level 27 Fighting
 - Level 18.0 Axes
 - Level 16.0 Throwing
 - Level 23.5 Armour
 - Level 15.0 Dodging
 - Level 14.0 Shields
 - Level 6.0 Spellcasting
 - Level 12.0 Hexes
 - Level 8.0 Translocations
 * Level 16.8 Alchemy
 - Level 8.0 Invocations
 + Level 21.2 Evocations


You had 15 spell levels left.
You knew the following spells:

 Your Spells              Type           Power      Damage    Failure   Level
a - Blink                 Tloc           48%        N/A       6%          2
b - Lesser Beckoning      Tloc           48%        N/A       6%          2
c - Dimensional Bullseye  Hex/Tloc       14%        N/A       12%         4
d - Yara's Violent Unrav  Hex/Alch       20%        3d9       8%          5
e - Apportation           Tloc           48%        N/A       4%          1
f - Passage of Golubria   Tloc           24%        N/A       22%         4
g - Alistair's Intoxicat  Alch           31%        N/A       4%          5

Your spell library contained the following spells:

 Spells                   Type           Power      Damage    Failure   Level
 Jinxbite                 Hex            70%        N/A       2%          2
 Sigil of Binding         Hex            35%        N/A       3%          3
 Sting                    Conj/Alch      100%       1d9       4%          1
 Mercury Vapours          Alch/Air       50%        N/A       5%          2
 Cause Fear               Hex            17%        N/A       7%          4
 Gell's Gravitas          Tloc           24%        N/A       10%         3
 Teleport Other           Tloc           24%        N/A       10%         3
 Ensorcelled Hibernation  Hex/Ice        38%        N/A       11%         2
 Cigotuvi's Dreadful Rot  Necr/Alch/Air  36%        N/A       12%         2
 Eringya's Noxious Bog    Alch           23%        4d6       12%         6
 Inner Flame              Hex/Fire       19%        N/A       17%         3
 Momentum Strike          Conj/Tloc      28%        3d8       19%         2
 Mephitic Cloud           Conj/Alch/Air  18%        N/A       19%         3
 Fulminant Prism          Conj/Alch      12%        3d8       21%         4
 Ignite Poison            Fire/Alch      25%        N/A       21%         4
 Leda's Liquefaction      Alch/Erth      12%        N/A       21%         4
 Petrify                  Alch/Erth      25%        N/A       21%         4
 Sticky Flame             Fire/Alch      25%        2d6       21%         4
 Manifold Assault         Tloc           24%        N/A       22%         4
 Volatile Blastmotes      Fire/Tloc      28%        2d12      32%         3
 Anguish                  Hex/Necr       9%         N/A       41%         4
 Foxfire                  Conj/Fire      12%        2x1d4     45%         1
 Kiss of Death            Conj/Necr      12%        2d6       45%         1
 Magic Dart               Conj           12%        1d3       45%         1
 Necrotise                Necr           12%        1d4       45%         1
 Sandblast                Erth           6%         2d5       45%         1
 Shock                    Conj/Air       12%        1d3       45%         1
 Scorch                   Fire           6%         2d5       56%         2
 Searing Ray              Conj           6%         2d4       56%         2
 Static Discharge         Conj/Air       6%         3-4/arc   56%         2
 Sublimation of Blood     Necr           3%         N/A       56%         2
 Iskenderun's Mystic Bla  Conj/Tloc      14%        2d5       63%         4
 Vhi's Electric Charge    Tloc/Air       28%        N/A       63%         4
 Metabolic Englaciation   Hex/Ice        9%         N/A       71%         5
 Silence                  Hex/Air        9%         N/A       71%         5
 Frozen Ramparts          Ice            6%         1d1       77%         3
 Fugue of the Fallen      Necr           3%         N/A       77%         3
 Hailstorm                Conj/Ice       3%         3d5       77%         3
 Ozocubu's Armour         Ice            3%         N/A       77%         3
 Passwall                 Erth           3%         N/A       77%         3
 Stone Arrow              Conj/Erth      6%         3d7       77%         3
 Swiftness                Air            3%         N/A       77%         3
 Vampiric Draining        Necr           3%         2d6       77%         3
 Dispersal                Tloc           12%        N/A       92%         6
 Enfeeble                 Hex            17%        N/A       93%         7
 Airstrike                Air            1%         2d(1-17)  98%         4
 Brom's Barrelling Bould  Conj/Erth      3%         2d3       98%         4
 Dispel Undead            Necr           3%         3d7       98%         4
 Flame Wave               Conj/Fire      3%         2d5       98%         4
 Arcjolt                  Conj/Air       1%         1d11      100%        5
 Borgnjor's Vile Clutch   Necr/Erth      1%         N/A       100%        5
 Curse of Agony           Necr           3%         N/A       100%        5
 Fireball                 Conj/Fire      1%         3d3       100%        5
 Freezing Cloud           Conj/Ice/Air   1%         6-21      100%        5
 Iskenderun's Battlesphe  Conj           3%         2d6       100%        5
 Lee's Rapid Deconstruct  Erth           1%         3d4*      100%        5
 Bombard                  Conj/Erth      1%         9d1       100%        6
 Conjure Ball Lightning   Conj/Air       1%         3x3d6     100%        6
 Plasma Beam              Fire/Air       1%         2x1d11    100%        6
 Starburst                Conj/Fire      1%         6d3       100%        6
 Ozocubu's Refrigeration  Ice            1%         4d7       100%        7
 Discord                  Hex            17%        N/A       100%        8
 Disjunction              Tloc           12%        N/A       100%        8
 Ignition                 Fire           1%         3d3       100%        8
 Lehudib's Crystal Spear  Conj/Erth      1%         10d2      100%        8
 Maxwell's Capacitive Co  Air            1%         ∞         100%        8
 Chain Lightning          Conj/Air       1%         3d2       100%        9
 Fire Storm               Conj/Fire      1%         8d1       100%        9
 Polar Vortex             Ice            1%         N/A       100%        9
 Shatter                  Erth           1%         3d6*      100%        9
 Summon Small Mammal      Summ           Unusable   N/A       N/A         1
 Call Imp                 Summ           Unusable   N/A       N/A         2
 Call Canine Familiar     Summ           Unusable   N/A       N/A         3
 Summon Ice Beast         Ice/Summ       Unusable   N/A       N/A         3
 Sculpt Simulacrum        Ice/Alch       Unusable   N/A       N/A         6
 Summon Forest            Summ/Tloc      Unusable   N/A       N/A         5
 Animate Dead             Necr           Unusable   N/A       N/A         4
 Martyr's Knell           Necr/Summ      Unusable   N/A       N/A         4
 Death Channel            Necr           Unusable   N/A       N/A         6
 Spellforged Servitor     Conj/Summ      Unusable   N/A       N/A         7
 Summon Hydra             Summ           Unusable   N/A       N/A         7
 Dragon's Call            Summ           Unusable   N/A       N/A         9

Dungeon Overview and Level Annotations

Branches:
Dungeon (15/15)            Temple (0/1) D:6            Lair (5/5) D:11
 Shoals (4/4) Lair:2        Snake (4/4) Lair:3        Slime (5/5) Lair:5
    Orc (2/2) D:12            Elf (3/3) Orc:2        Vaults (5/5) D:14
  Crypt (3/3) Vaults:3       Tomb (0/3) Crypt:3      Depths (4/4) D:15
    Zot (5/5) Depths:4     Bailey (visited)         Volcano (visited)
 WizLab (visited)

Altars:
Cheibriados
Dithmenos
Elyvilon
Gozag
Kikubaaqudgha
Okawaru
Qazlal
Ru
Trog
Wu Jian
Xom
Yredelemnul
Zin
The Shining One
Jiyva
Lugonu

Shops:
D:1 (:   D:4 *   D:5 (   D:10 *   Orc:1 *   Orc:2 **([:   Elf:1 (   Elf:3 *
Snake:3 ?:   Snake:4 *!   Depths:4 [?[

Portals:
Hell: Depths:1 Depths:2 Depths:3 Depths:4
Abyss: Lair:5 Depths:1 Depths:3
Pandemonium: Depths:2
Trove: Depths:4 (give 6 scrolls of fog)

Annotations:
Snake:2 Ucicwopp's ghost, adept KoBr
Elf:2 3 runed translucent doors
Depths:2 2 transporters, Jehehi's ghost, veteran DgCj
Zot:1 exclusion: lightning spire


Innate Abilities, Weirdness & Mutations

Your spellcasting is much less encumbered by armour.
You can use scrolls of enchantment on lesser artefacts.
You have sharp toenails.
You possess an exceptional clarity of mind.
You are very clumsy. (Dex -4)
You are dopey. (Int -2)
You are frail. (-10% HP)
Your system is resistant to poisons. (rPois)


Message History

You open Nikoebamp like a pillowcase!!!
Nikoebamp is almost dead.
Nikoebamp hits you but does no damage.
You barely miss Nikoebamp.
Nikoebamp is almost dead.
You barely miss Nikoebamp.
Nikoebamp is almost dead.
You slash Nikoebamp!
You kill Nikoebamp!
Okawaru accepts your kill.
There is a stone staircase leading down, spattered with blood here.
Aiming: Dig
Press: ? - help, Shift-Dir - straight line A rock wall.
This square is covered in magical glow.
The rock shatters into small pieces.
Your hands slow down.
There is a stone staircase leading up here.
You fly upwards.
You feel like a meek peon again.
There is a stone staircase leading down here.
There is an escape hatch in the ceiling here.
A mysterious force pulls you upwards. The hatch slams shut behind you.
Magic restored.
Your extra speed is starting to run out.
You feel yourself slow down.
There is an escape hatch in the ceiling here.
A mysterious force pulls you upwards. The hatch slams shut behind you.
HP restored.
There is an open door here.
There is a stone staircase leading up here.
You fly upwards.
There is a stone staircase leading down here.
You see here a frilled lizard skeleton.
There is a stone staircase leading up here.
You fly upwards.
There is a stone staircase leading down here.
There is an open door here.
There is a staircase leading out of the dungeon here.
You have escaped!

..............#...####÷..# #....
..............##'######'### #....
.................##..##...###....
.....########....................
.))..# ##...##..##..........
.....# ##''######'##.......
.....# #...####...#....... .....#
#...'..#...#....... .....#####
#.@.#..#...##....## .........#
#...#..#...##....# ###......#
#...#..#...##....## #......#
#####..######.#.... #......#
#.........##### #......#
########### #.. #......# #####.#
#.∩....# #.....# #......# #.#####


There were no monsters in sight!

Vanquished Creatures
  the Royal Jelly (Slime:5)
  Ignacio (Pan)
  Frederick (Vaults:2)
  3 dread liches
  2 orbs of fire (Zot:5)
  2 pandemonium lords
  7 ancient liches
  2 juggernauts
  Mennas (Crypt:3)
  Mara (Shoals:3)
  A royal mummy (Crypt:3)
  Sojobo (Depths:4)
  Boris (Crypt:3)
  Bai Suzhen (Vaults:3)
  7 Killer Klowns
  Josephina (Crypt:3)
  Saint Roka (Elf:3)
  Vashnia (Snake:4)
  11 golden dragons
  Margery (Crypt:3)
  9 caustic shrikes (Depths:3)
  A profane servitor (D:15)
  Norris (Vaults:2)
  the Enchantress (Depths:4)
  Jory (Crypt:1)
  A pearl dragon (Pan)
  2 bone dragons (Depths:4)
  A Brimstone Fiend (Pan)
  A shard shrike zombie (Crypt:3)
  2 Tzitzimimeh (Pan)
  Rupert (Lair:5)
  2 electric golems (Zot:1)
  A hellephant (Crypt:3)
  9 tentacled monstrosities
  A shard shrike skeleton (Crypt:3)
  5 liches
  24 Orb Guardians (Zot:5)
  3 quicksilver dragons
  4 deep elf master archers
  A walking crystal tome (Depths:3)
  2 deep elf blademasters (Elf:3)
  7 titans
  9 acid blobs
  4 Executioners
  10 death cobs
  2 tentacled starspawn (Zig:8)
  7 sphinxes
  The ghost of LobsterGuardian the Slayer, an adept DsMo of Hepliaklqana (Shoals:4)
  Polyphemus (Shoals:3)
  Agnes (Snake:3)
  Roxanne (Snake:4)
  3 thorn hunters (WizLab)
  Donald (Elf:3)
  8 shadow dragons
  11 storm dragons
  Ilsuiw (Shoals:3)
  3 tengu reavers
  3 fenstrider witches (WizLab)
  5 daevas (Pan)
  9 rockslimes
  Aizul (Snake:1)
  8 demonspawn warmongers (Pan)
  8 nagarajas
  5 fire giants
  2 protean progenitors (Zot:2)
  3 revenants
  10 draconian monks
  6 azure jellies
  The ghost of zewo the Zephyrmancer, a journeyman DrFE of Vehumet (Orc:1)
  8 deep elf sorcerers
  8 draconian shifters
  8 frost giants
  Louise (Shoals:3)
  3 iron dragons
  4 draconian knights
  3 balrugs (Pan)
  An emperor scorpion (Zig:4)
  7 draconian scorchers
  20 vault wardens
  3 angels (Pan)
  9 draconian annihilators
  2 ghost moths (Zot:3)
  4 draconian stormcallers
  5 caustic shrike zombies
  7 cacodemons (Pan)
  4 ophanim (Pan)
  8 orc warlords
  11 reapers
  3 curse skulls
  21 ironbound preservers
  5 demonspawn blood saints (Pan)
  6 spriggan defenders
  9 deep elf demonologists
  9 quicksilver oozes
  5 formless jellyfish
  7 deep elf death magi
  9 demonspawn corrupters
  37 very ugly things
  4 ghouls (Crypt:2)
  10 apis (Pan)
  23 stone giants
  10 demonspawn black suns (Pan)
  4 ironbound thunderhulks
  15 purple draconians
  15 green draconians
  10 black draconians
  5 deep elf annihilators
  9 lorocyprocas
  9 dire elephants
  14 white draconians
  10 vampire knights
  14 yellow draconians
  4 war gargoyles
  5 red draconians
  9 spark wasps
  19 eidola
  10 ettins
  10 blizzard demons (Pan)
  6 merfolk javelineers
  2 quicksilver dragon zombies (D:15)
  6 merfolk impalers
  6 fire dragons
  2 crystal guardians
  2 entropy weavers
  3 green deaths (Pan)
  2 shambling mangroves (WizLab)
  11 jiangshi
  2 hell beasts (Pan)
  A spriggan zombie (Crypt:3)
  15 yaktaur captains
  3 salamander tyrants
  11 great orbs of eyes
  4 deep elf high priests
  7 ice dragons
  An entropy weaver (shapeshifter) (Lair:5)
  A rakshasa (Depths:4)
  A death knight (Crypt:1)
  6 peacekeepers
  5 spriggan air magi
  33 vault guards
  5 ogre magi
  3 hydras
  6 merfolk avatars
  4 catoblepae
  15 centaur warriors
  A fenstrider witch skeleton (Crypt:3)
  19 two-headed ogres
  2 alligators (Zot:2)
  3 merfolk aquamancers
  An anaconda (Snake:1)
  A sphinx zombie (Depths:1)
  14 dancing weapons
  Erica (D:8)
  12 ironbound frosthearts
  A spriggan skeleton (Crypt:3)
  An alligator snapping turtle (Shoals:4)
  A radroach (Zig:4)
  3 death yaks (Shoals:3)
  3 boulder beetles
  A tengu warrior (Depths:1)
  5 satyrs
  4 deep troll shamans
  9 demonic crawlers (Pan)
  A two-headed ogre (shapeshifter) (Vaults:4)
  10 vampire magi
  3 occultists
  3 thrashing horrors
  5 shock serpents
  10 hell knights
  A storm dragon zombie (Vaults:2)
  5 orc high priests
  19 sun demons
  10 deep troll earth magi
  3 spriggan berserkers (Depths:3)
  19 naga warriors
  15 naga sharpshooters
  Urug (Orc:2)
  17 soul eaters
  A fire crab (shapeshifter) (Depths:2)
  10 deep elf knights
  2 skeletal warriors (D:15)
  4 iron trolls
  2 shadow wraiths (Crypt:2)
  14 sixfirhies
  Lodul (D:12)
  2 anaconda zombies (Crypt:3)
  6 glowing orange brains
  A salamander mystic (Snake:3)
  10 shadow demons (Pan)
  8 flayed ghosts
  7 skysharks
  A bunyip zombie (Crypt:1)
  An orb spider (Zig:4)
  16 sea snakes
  An obsidian statue (Zig:1)
  7 thermic dynamos
  A spark wasp zombie (D:15)
  7 mana vipers
  3 cherubim (Pan)
  20 arcanists
  A spriggan simulacrum (Crypt:3)
  4 orange crystal statues
  A bunyip skeleton (Crypt:3)
  51 deep trolls
  24 phantasmal warriors
  7 naga ritualists
  22 ironbound convokers
  2 shadow dragon zombies (Depths:2)
  An anaconda skeleton (Crypt:3)
  15 lindwurms
  2 starcursed masses (Abyss:3)
  25 harpies
  20 necromancers
  2 steelbarb worms (shapeshifter)
  17 orc knights
  8 deep elf archers
  27 deep elf pyromancers
  6 orc sorcerers
  23 fauns
  2 wolf spiders (Crypt:3)
  Maurice (Orc:2)
  47 ugly things
  18 deep elf zephyrmancers
  An iron dragon zombie (Crypt:3)
  5 cyclopes
  A faun (shapeshifter) (Vaults:5)
  2 salamanders (shapeshifter)
  A frost giant zombie (Depths:2)
  2 fire giant zombies (Vaults:3)
  An oklob plant (WizLab)
  14 salamanders
  22 moths of wrath
  3 stone giant zombies
  20 large abominations
  13 manticores
  6 shining eyes
  A centaur zombie (Crypt:3)
  3 meliai (D:13)
  A stone giant skeleton (Crypt:3)
  3 kobold blastminers
  14 merfolk sirens
  27 black mambas
  16 vault sentinels
  A guardian serpent (Snake:4)
  3 dire elephant zombies (Crypt:3)
  48 slime creatures
  4 Executioner simulacra (Pan)
  A black mamba (shapeshifter) (D:15)
  2 apocalypse crabs (Zot:3)
  10 orange demons (Pan)
  8 water nymphs
  An ice statue (Zig:1)
  2 eyes of devastation
  15 smoke demons
  A rust devil (Pan)
  15 naga magi
  A centaur skeleton (Crypt:3)
  An alligator snapping turtle zombie (Crypt:3)
  A torpor snail (Zig:4)
  3 gargoyles
  10 cane toads
  An unseen horror (D:10)
  8 rime drakes
  A hellion (Pan)
  2 ancient zymes (Zig:8)
  10 komodo dragons
  5 ice devils (Pan)
  24 yaktaurs
  A spectral naga (Snake:4)
  3 tormentors (Pan)
  3 tengu conjurers
  4 trolls
  A harpy zombie (Crypt:3)
  A polar bear (Lair:2)
  4 freezing wraiths
  23 merfolk
  2 red devils (Pan)
  17 hellwings
  A shadow dragon simulacrum (Crypt:3)
  5 wind drakes
  Prince Ribbit (D:8)
  36 blink frogs
  A tengu simulacrum (Vaults:2)
  4 glass eyes
  8 hornets
  A raiju (Lair:5)
  14 snapping turtles
  A frost giant simulacrum (Depths:2)
  A death drake skeleton (Crypt:2)
  14 dream sheep
  An ettin zombie (Crypt:3)
  A fire giant simulacrum (Depths:1)
  3 air elementals
  2 jumping spiders (Crypt:3)
  Sigmund (D:4)
  4 spriggans
  3 shadows
  15 ynoxinuls
  16 water elementals
  Eustachio (D:5)
  A satyr skeleton (Crypt:2)
  2 ushabtiu (Crypt:3)
  12 wraiths
  54 yaks
  An elf zombie (Vaults:3)
  6 wargs
  5 steam dragons
  4 vampires
  13 basilisks
  10 wyverns
  7 fire bats (Volcano)
  2 fire elementals
  8 redbacks
  4 neqoxecs (Pan)
  15 humans (D:14)
  4 golden eyes
  An elf skeleton (Vaults:2)
  6 chaos spawn
  6 vampire mosquitoes
  A glowing shapeshifter zombie (Vaults:2)
  2 naga zombies (Crypt:3)
  52 nagas
  A harpy simulacrum (Crypt:3)
  A swamp worm (shapeshifter) (Zig:6)
  A two-headed ogre zombie (Crypt:1)
  2 acid dragons
  An entropy weaver zombie (Crypt:1)
  15 water moccasins
  A merfolk skeleton (Crypt:1)
  45 orc warriors
  A glowing shapeshifter skeleton (Crypt:1)
  3 ice beasts
  6 black bears
  3 sky beasts
  5 boggarts (Vaults:1)
  9 laughing skulls (Crypt:1)
  12 small abominations (Lair:5)
  19 ogres
  21 wolves
  10 centaurs
  A hog zombie (Crypt:2)
  2 phantoms
  Blork the orc (D:4)
  A weeping skull (D:10)
  3 kobold brigands
  A yaktaur zombie (Crypt:1)
  17 bullfrogs
  3 gnoll sergeants
  3 earth elementals (Elf:2)
  A human skeleton (Vaults:3)
  3 scorpions
  A two-headed ogre simulacrum (Crypt:3)
  7 wights
  13 wyvern skeletons (Crypt:3)
  2 troll skeletons
  5 howler monkeys
  10 electric eels
  A bombardier beetle (D:4)
  A human simulacrum (Vaults:2)
  A hound (D:6)
  A jelly (D:5)
  14 orc priests
  A black bear skeleton (Crypt:2)
  2 iguanas (D:6)
  11 orc wizards
  A scorpion zombie (Crypt:1)
  An ogre zombie (Crypt:2)
  A mummy (Crypt:3)
  20 gnolls
  10 adders
  A shadow imp (D:6)
  5 white imps
  2 ufetubi (D:5)
  4 dart slugs
  A ribbon worm (D:2)
  67 orcs
  4 bats
  5 endoplasms
  4 giant cockroaches
  24 goblins
  9 hobgoblins
  A jackal (D:2)
  6 quokkas
  2 ball pythons
  3 frilled lizards
  25 kobolds
  4 rats
  A spectral orc (D:10)
  A spectral weapon (Pan)
  4 starspawn tentacles (Zig:8)
2716 creatures vanquished.

Vanquished Creatures (collateral kills)
  A quicksilver ooze (Slime:5)
  A deep elf demonologist (Elf:3)
  A deep elf knight (Elf:1)
  3 deep elf archers
  A deep elf zephyrmancer (Elf:2)
  A thermic dynamo (Elf:2)
  An orc sorcerer (Elf:3)
  A black mamba (shapeshifter) (Elf:2)
  5 slime creatures
  An air elemental (Elf:2)
  An orc warrior (Elf:3)
  An earth elemental (Elf:2)
  An orc priest (Elf:3)
  2 orcs (Elf:3)
21 creatures vanquished.

Vanquished Creatures (others)
  An acid blob (Slime:5)
  A draconian knight (Zot:1)
  A ghost moth (Zot:4)
  A caustic shrike skeleton (Crypt:3)
  A deep elf death mage (Elf:3)
  A spriggan berserker (Depths:4)
  A deep troll (Depths:4)
  A deep elf archer (Elf:2)
  A deep elf zephyrmancer (Elf:2)
  2 deep elf pyromancers
  A moth of wrath (Zot:3)
  3 slime creatures
  A ynoxinul (Pan)
  2 foxfires (Orc:1)
  10 starspawn tentacles
28 creatures vanquished.

Grand Total: 2765 creatures vanquished

Notes
Turn   | Place    | Note
-------+----------+-------------------------------------------
     0 | D:1      | Strat the Mountain Dwarf Fighter began the quest for the
                  | Orb.
     0 | D:1      | Reached XP level 1. HP: 19/19 MP: 1/1
   127 | D:1      | Reached XP level 2. HP: 26/26 MP: 2/2
   188 | D:1      | Found Nuhiezethru's Antique Weapon Boutique.
   248 | D:1      | Found Magiumn's Book Shop.
   756 | D:2      | Reached XP level 3. HP: 22/33 MP: 3/3
  1463 | D:2      | Reached XP level 4. HP: 25/40 MP: 4/4
  1626 | D:2      | Found a stormy altar of Qazlal.
  1783 | D:3      | Found an iron altar of Okawaru.
  1793 | D:3      | Reached skill level 5 in Axes
  1797 | D:3      | Became a worshipper of Warmaster Okawaru
  2266 | D:3      | Noticed an ogre
  2269 | D:3      | Killed an ogre
  2270 | D:3      | Reached XP level 5. HP: 46/46 MP: 5/5
  2474 | D:4      | Noticed a phantom
  2493 | D:4      | Killed a phantom
  2493 | D:4      | Reached * piety under Okawaru
  2494 | D:4      | Reached XP level 6. HP: 44/52 MP: 6/6
  2522 | D:4      | Identified 2 scrolls of acquirement
  2522 | D:4      | Acquired the +14 crystal plate armour of Past Mistakes
                  | {rElec}
  2528 | D:4      | Acquired 966 gold pieces
  2554 | D:4      | Noticed Blork the orc
  2559 | D:4      | Killed Blork the orc
  2645 | D:4      | Reached XP level 7. HP: 44/58 MP: 7/7
  2855 | D:4      | Noticed Sigmund
  2884 | D:4      | Killed Sigmund
  2966 | D:4      | Found Saitet's Fire Supplies.
  3057 | D:4      | Reached skill level 10 in Axes
  3697 | D:5      | Entered Level 5 of the Dungeon
  3885 | D:5      | Noticed Eustachio
  3898 | D:5      | Killed Eustachio
  3898 | D:5      | Reached ** piety under Okawaru
  3899 | D:5      | Reached XP level 8. HP: 54/66 MP: 8/8
  4261 | D:5      | Found a snail-covered altar of Cheibriados.
  4442 | D:5      | Found a sacrificial altar of Ru.
  4500 | D:5      | Found an ornate altar of the Wu Jian Council.
  4551 | D:5      | Found Ifet's Antique Weapon Boutique.
  4710 | D:1      | Bought a shimmering broad axe for 216 gold pieces
  4710 | D:1      | Identified the +6 broad axe of Xiumoffoi {venom, Str+3
                  | Dex+4} (You bought it in a shop on level 1 of the Dungeon)
  4876 | D:6      | Reached skill level 4 in Fighting
  5122 | D:6      | Learned a level 2 spell: Blink
  5204 | D:6      | Found a glowing golden altar of the Shining One.
  5286 | D:6      | Found a staircase to the Ecumenical Temple.
  5515 | D:7      | Reached *** piety under Okawaru
  5516 | D:7      | Reached skill level 5 in Fighting
  5516 | D:7      | Reached skill level 5 in Armour
  5523 | D:7      | Noticed a troll
  5542 | D:6      | Reached XP level 9. HP: 38/74 MP: 9/9
  5923 | D:7      | Killed a troll
  6420 | D:7      | Reached **** piety under Okawaru
  6421 | D:7      | Reached skill level 6 in Fighting
  6947 | D:8      | Noticed Erica
  6968 | D:8      | Killed Erica
  6969 | D:8      | Reached XP level 10. HP: 44/84 MP: 7/10
  6983 | D:8      | Reached skill level 7 in Fighting
  7007 | D:8      | Found a flagged portal.
  7013 | Bailey   | Entered a bailey
  7476 | Bailey   | Noticed an orc knight
  7510 | Bailey   | Killed an orc knight
  7511 | Bailey   | Reached skill level 15 in Axes
  7725 | Bailey   | Noticed an orc warlord
  7749 | Bailey   | Killed an orc warlord
  7749 | Bailey   | Reached ***** piety under Okawaru
  7894 | Bailey   | Reached skill level 8 in Fighting
  8048 | D:8      | Reached skill level 9 in Fighting
  8048 | D:8      | Reached XP level 11. HP: 97/97 MP: 11/11
  8049 | D:8      | Reached XP level 12. HP: 104/104 MP: 12/12
  8148 | D:8      | Noticed Prince Ribbit
  8152 | D:8      | Killed Prince Ribbit
  8578 | D:8      | Noticed a two-headed ogre
  8598 | D:8      | Killed a two-headed ogre
  8598 | D:8      | Received a gift from Okawaru
  8731 | D:8      | Noticed a two-headed ogre
  8741 | D:8      | Killed a two-headed ogre
  9216 | D:9      | Reached XP level 13. HP: 113/113 MP: 13/13
  9233 | D:9      | Reached skill level 10 in Fighting
  9233 | D:9      | Reached skill level 10 in Armour
  9394 | D:9      | Reached skill level 10 in Shields
  9394 | D:9      | Reached skill level 1 in Invocations
  9446 | D:9      | Found a shadowy altar of Dithmenos.
  9485 | D:9      | Found an opulent altar of Gozag.
  9747 | D:10     | Entered Level 10 of the Dungeon
 10002 | D:10     | Found a glowing silver altar of Zin.
 10082 | D:10     | Found Daeweal's Assorted Antiques.
 10246 | D:10     | Found a basalt altar of Yredelemnul.
 10472 | D:11     | Found a frozen archway.
 10826 | D:11     | Reached skill level 5 in Invocations
 10840 | D:11     | Found a staircase to the Lair.
 11676 | D:11     | Found a white marble altar of Elyvilon.
 11775 | D:12     | Noticed Lodul
 11883 | D:12     | Killed Lodul
 12335 | D:12     | Acquired the +2 pair of boots "Earthly Heaven" {rPois rN++}
 12358 | D:12     | Found a staircase to the Orcish Mines.
 12967 | Lair:1   | Entered Level 1 of the Lair of Beasts
 13179 | Lair:1   | Reached skill level 11 in Fighting
 13321 | Lair:1   | Reached ****** piety under Okawaru
 13331 | Lair:1   | Acquired a +0 broad axe of electrocution
 13331 | Lair:1   | Received a gift from Okawaru
 13333 | Lair:1   | Acquired the +4 plate armour of the Mind {rN+}
 13333 | Lair:1   | Received a gift from Okawaru
 13352 | Lair:1   | Received a gift from Okawaru
 13807 | Lair:2   | Reached skill level 1 in Dodging
 14234 | Lair:2   | Reached skill level 12 in Fighting
 14336 | Lair:2   | Reached XP level 14. HP: 122/126 MP: 20/20
 14422 | Lair:2   | Found a staircase to the Shoals.
 15431 | Lair:3   | Received a gift from Okawaru
 15694 | Lair:3   | Reached skill level 13 in Fighting
 15788 | Lair:3   | Found a staircase to the Snake Pit.
 16072 | Lair:2   | Reached skill level 5 in Dodging
 16074 | Lair:2   | Got Woschizu's Thoughts on the Heated Mirage
 16075 | Lair:2   | Identified the -2 helmet of the Game Afoot {rCorr}
 16079 | Lair:2   | Identified the +0 pair of gloves of Ewkaisig {Regen+ Int+2
                  | Dex+3}
 16479 | Lair:4   | Received a gift from Okawaru
 16712 | Lair:4   | Identified the blade talisman of Dimoreu {Str+2}
 16928 | Lair:4   | Reached skill level 14 in Fighting
 17140 | Lair:5   | Entered Level 5 of the Lair of Beasts
 17146 | Lair:5   | Noticed Rupert
 17152 | Lair:5   | Paralysed by Rupert for 4 turns
 17174 | Lair:5   | Received a gift from Okawaru
 17269 | Lair:5   | Upgraded the game from 0.32-a0-558-g233958a4c4 to
                  | 0.32-a0-560-g4c7f4391e0
 17513 | Lair:5   | Received a gift from Okawaru
 17687 | Lair:5   | Reached XP level 15. HP: 139/139 MP: 21/21
 17906 | Lair:5   | Paralysed by Rupert for 3 turns
 17917 | Lair:5   | Killed Rupert
 18059 | Lair:5   | Found a viscous altar of Jiyva.
 18059 | Lair:5   | Found a staircase to the Slime Pits.
 18274 | Lair:5   | Found a corrupted altar of Lugonu.
 18274 | Lair:5   | Found a one-way gate to the infinite horrors of the Abyss.
 18280 | Lair:5   | Identified the ring of Mysticism {Fire Fly Str-5 Dex+2
                  | Stlth+}
 18486 | Orc:1    | Entered Level 1 of the Orcish Mines
 18572 | Orc:1    | Reached skill level 15 in Fighting
 18623 | Orc:1    | Received a gift from Okawaru
 18719 | Orc:1    | Found a transporter.
 18720 | Orc:1    | Found a transporter.
 18721 | Orc:1    | Noticed zewo's ghost (journeyman DrFE)
 18837 | Orc:2    | Entered Level 2 of the Orcish Mines
 19014 | Orc:2    | Found Poaraats's Antique Weapon Shoppe.
 19028 | Orc:2    | Reached skill level 1 in Evocations
 19076 | Orc:2    | Found a staircase to the Elven Halls.
 19159 | Orc:2    | Found Xayriloo's Antique Armour Boutique.
 19204 | Orc:2    | Noticed Maurice
 19214 | Orc:2    | Maurice stole an amulet of the acrobat
 19215 | Orc:2    | Killed Maurice
 19217 | Orc:2    | Received a gift from Okawaru
 19271 | Orc:2    | Found Pastra's Book Shop.
 19383 | Orc:2    | Found a dark tunnel.
 19429 | Volcano  | Entered a volcano
 19733 | Volcano  | Received a gift from Okawaru
 19986 | Orc:2    | Found Hoase Bior's General Store.
 19994 | Orc:2    | Bought a scroll of teleportation for 39 gold pieces
 20059 | Orc:2    | Noticed Urug
 20071 | Orc:2    | Killed Urug
 20088 | Orc:2    | Found Esuifuo's Overcharged Wands.
 20238 | Orc:1    | Found Pidoekka's Gadget Gallery.
 20260 | Orc:1    | Bought a wand of digging (6) for 403 gold pieces
 20260 | Orc:1    | Bought a wand of light (6) for 403 gold pieces
 20911 | D:13     | Reached skill level 5 in Evocations
 20913 | D:13     | Reached skill level 16 in Fighting
 21063 | D:13     | Identified the +0 buckler of Indemnity {rC++ Will- Dex+6}
 21427 | D:14     | Found an ornate altar of the Wu Jian Council.
 22036 | D:14     | Received a gift from Okawaru
 22242 | D:14     | Reached XP level 16. HP: 152/154 MP: 22/22
 22261 | D:14     | Reached skill level 17 in Fighting
 22282 | D:14     | Found a gate to the Vaults.
 22524 | D:15     | Entered Level 15 of the Dungeon
 22661 | D:15     | Received a gift from Okawaru
 22694 | D:15     | Reached skill level 18 in Fighting
 22745 | D:15     | Found a staircase to the Depths.
 23472 | Orc:1    | Killed zewo's ghost
 23472 | Orc:1    | Received a gift from Okawaru
 23640 | Snake:1  | Entered Level 1 of the Snake Pit
 23714 | Snake:1  | Identified the serpent talisman of Tenacity {rC- Will+
                  | rCorr SInv Stlth+}
 23714 | Snake:1  | Noticed Aizul
 23759 | Snake:1  | Reached skill level 19 in Fighting
 23894 | Snake:1  | Killed Aizul
 23975 | Snake:1  | You fall into a shaft and drop 1 floor!
 23977 | Snake:2  | Found a transporter.
 24161 | Snake:2  | Learned a level 2 spell: Lesser Beckoning
 24310 | Snake:2  | Found a bloodstained altar of Trog.
 24324 | Snake:2  | Found a transporter.
 24615 | Snake:2  | Noticed Ucicwopp's ghost (adept KoBr)
 24903 | Snake:1  | Reached skill level 1 in Translocations
 25204 | Snake:1  | Received a gift from Okawaru
 25503 | Snake:2  | HP: 2/161 [salamander/+2 halberd (15)]
 25506 | Snake:2  | Reached skill level 1 in Throwing
 25737 | Snake:3  | Found Latruogaad's Magic Scroll Boutique.
 25746 | Snake:3  | Bought a scroll of teleportation for 33 gold pieces
 25746 | Snake:3  | Bought a scroll of fog for 44 gold pieces
 26072 | Snake:3  | Received a gift from Okawaru
 26207 | Snake:3  | Found Zidd's Tremendous Tomes.
 26354 | Snake:4  | Entered Level 4 of the Snake Pit
 26361 | Snake:4  | Reached XP level 17. HP: 170/170 MP: 23/23
 26428 | Snake:4  | Noticed Vashnia
 26446 | Snake:4  | Noticed Agnes
 26465 | Snake:3  | Killed Agnes
 26519 | Snake:4  | Reached skill level 20 in Fighting
 26595 | Snake:4  | Killed Vashnia
 26684 | Snake:4  | Received a gift from Okawaru
 26747 | Snake:4  | Reached skill level 5 in Translocations
 26978 | Snake:4  | Reached skill level 5 in Throwing
 27206 | Snake:4  | Found Hoasungo's Distillery.
 27206 | Snake:4  | Found Qeff's Assorted Antiques.
 27214 | Snake:4  | Bought a potion of heal wounds for 100 gold pieces
 27214 | Snake:4  | Bought a potion of heal wounds for 100 gold pieces
 27220 | Snake:4  | Bought a scroll of blinking for 217 gold pieces
 27220 | Snake:4  | Bought a potion of curing for 87 gold pieces
 27226 | Snake:4  | Bought a potion of cancellation for 160 gold pieces
 27226 | Snake:4  | Bought a potion of cancellation for 160 gold pieces
 27488 | Snake:4  | Noticed Roxanne
 27567 | Snake:4  | Received a gift from Okawaru
 27924 | Snake:4  | Reached skill level 1 in Spellcasting
 28233 | Snake:4  | Received a gift from Okawaru
 28465 | Snake:4  | Got a serpentine rune of Zot
 28602 | Snake:4  | Killed Roxanne
 28783 | Shoals:1 | Entered Level 1 of the Shoals
 29239 | Shoals:1 | Received a gift from Okawaru
 29333 | Shoals:1 | Acquired the orb of Apathy {mayhem, Will+ rCorr Dex+8}
 29451 | Shoals:1 | Reached XP level 18. HP: 174/178 MP: 24/24
 30244 | Shoals:2 | Received a gift from Okawaru
 30487 | Shoals:3 | Noticed Polyphemus
 30536 | Shoals:3 | Reached skill level 5 in Spellcasting
 30546 | Shoals:3 | Noticed Louise
 30656 | Shoals:3 | Noticed Mara
 30661 | Shoals:3 | Noticed Strat's illusion
 30707 | Shoals:3 | Noticed Strat's illusion
 30710 | Shoals:3 | Killed Mara
 30850 | Shoals:3 | Killed Louise
 30946 | Shoals:3 | Killed Polyphemus
 31035 | Shoals:3 | Noticed Ilsuiw
 31196 | Shoals:3 | Killed Ilsuiw
 31234 | Shoals:3 | Received a gift from Okawaru
 31510 | Shoals:3 | Reached skill level 10 in Throwing
 31750 | Shoals:4 | Entered Level 4 of the Shoals
 31756 | Shoals:4 | Learned a level 4 spell: Dimensional Bullseye
 32029 | Shoals:4 | Found a transporter.
 32046 | Shoals:4 | Received a gift from Okawaru
 32094 | Shoals:4 | Noticed LobsterGuardian's ghost (adept DsMo)
 32404 | Shoals:4 | Found a transporter.
 32435 | Shoals:4 | Got a barnacled rune of Zot
 32523 | Shoals:4 | Identified the serpent talisman "Forget-Me-Not" {*Corrode
                  | rElec rC+}
 32628 | Shoals:4 | Identified the ring of the Oligarchy {rC+ Str+9 Int-4}
 32648 | Shoals:4 | Found the ring of the Octopus King
 32653 | Shoals:4 | Identified a ring of the Octopus King {rN+ HP+2 AC+2 EV+2
                  | SH+2}
 32984 | Vaults:1 | Entered Level 1 of the Vaults
 33012 | Vaults:1 | Received a gift from Okawaru
 33024 | Vaults:1 | Reached XP level 19. HP: 187/187 MP: 28/28
 33620 | Vaults:1 | Reached skill level 21 in Fighting
 33736 | Vaults:1 | Received a gift from Okawaru
 33769 | Vaults:1 | Identified the +1 short sword of the Unspeakable One
                  | {venom, Str+6 Int+2}
 34526 | Vaults:2 | Identified the orb of the Catamount {*channel, Will+ Int+3
                  | Slay+2}
 34526 | Vaults:2 | Noticed Frederick
 34534 | Vaults:2 | Received a gift from Okawaru
 34553 | Vaults:2 | Killed Frederick
 34713 | Vaults:2 | Noticed Norris
 34735 | Vaults:2 | Killed Norris
 34738 | Vaults:2 | Reached skill level 22 in Fighting
 34753 | Vaults:2 | Received a gift from Okawaru
 35273 | Vaults:2 | Reached skill level 15 in Armour
 35362 | Vaults:2 | Received a gift from Okawaru
 35498 | Vaults:2 | Reached XP level 20. HP: 200/202 MP: 29/29
 36282 | Vaults:3 | Reached skill level 23 in Fighting
 36556 | Vaults:3 | Received a gift from Okawaru
 36650 | Vaults:3 | Noticed Bai Suzhen
 36674 | Vaults:3 | Killed Bai Suzhen
 36675 | Vaults:3 | Reached skill level 24 in Fighting
 37181 | Vaults:3 | Found a staircase to the Crypt.
 37181 | Vaults:3 | Found an ancient bone altar of Kikubaaqudgha.
 37181 | Vaults:3 | Found a basalt altar of Yredelemnul.
 37700 | Vaults:4 | Received a gift from Okawaru
 38199 | Vaults:4 | Reached skill level 25 in Fighting
 38612 | Vaults:4 | Received a gift from Okawaru
 38672 | Vaults:4 | Reached XP level 21. HP: 220/220 MP: 30/30
 39288 | Depths:1 | Entered Level 1 of the Depths
 39320 | Depths:1 | Found a one-way gateway to a ziggurat.
 39350 | Depths:1 | Learned a level 5 spell: Yara's Violent Unravelling
 39422 | Depths:1 | Reached skill level 1 in Alchemy
 39487 | Depths:1 | Reached skill level 26 in Fighting
 39978 | Depths:1 | Received a gift from Okawaru
 40149 | Depths:1 | Found a gateway to Hell.
 40506 | Depths:2 | Found a one-way gate leading to the halls of Pandemonium.
 40707 | Depths:2 | Noticed a caustic shrike
 40722 | Depths:2 | Found a transporter.
 40725 | Depths:2 | Noticed Jehehi's ghost (veteran DgCj)
 40927 | Depths:2 | Received a gift from Okawaru
 40984 | Depths:2 | Reached skill level 5 in Alchemy
 41111 | Depths:2 | Reached skill level 1 in Hexes
 41145 | Depths:2 | Found a shimmering altar of Xom.
 41284 | Depths:2 | Found a transporter.
 41533 | Depths:2 | Received a gift from Okawaru
 41571 | Depths:2 | Reached skill level 5 in Hexes
 41674 | Depths:2 | Identified the staff of Prudence {rCorr Str+5 Earth}
 42129 | Depths:2 | Identified the +4 orcbow "Copp" {speed, Dex+3}
 42270 | Depths:2 | Received a gift from Okawaru
 42286 | Depths:2 | Acquired the scarf of Jepolu {shadows, *Corrode rC+++
                  | Dex+6}
 42594 | Depths:3 | Noticed a golden dragon
 42606 | Depths:3 | Killed a golden dragon
 42607 | Depths:3 | Reached skill level 27 in Fighting
 42806 | Depths:3 | Reached XP level 22. HP: 225/233 MP: 29/31
 43094 | Depths:3 | Received a gift from Okawaru
 43257 | Depths:3 | Paralysed by a vampire knight for 3 turns
 43326 | Depths:3 | Noticed a caustic shrike
 43326 | Depths:3 | Noticed a caustic shrike
 43326 | Depths:3 | Noticed a caustic shrike
 43327 | Depths:3 | Noticed a caustic shrike
 43327 | Depths:3 | Noticed a caustic shrike
 43341 | Depths:3 | Killed a caustic shrike
 43342 | Depths:3 | Killed a caustic shrike
 43346 | Depths:3 | Killed a caustic shrike
 43352 | Depths:3 | Killed a caustic shrike
 43355 | Depths:3 | Killed a caustic shrike
 43411 | Depths:3 | Identified the +3 robe of Winter {Int+9}
 43470 | Depths:3 | Noticed a golden dragon
 43492 | Depths:3 | Killed a golden dragon
 43637 | Depths:3 | Noticed a caustic shrike
 43638 | Depths:3 | Identified the ring of Goexi {rC- Str+3 Int+4 SInv}
 43640 | Depths:3 | Noticed a caustic shrike
 43642 | Depths:3 | Noticed a caustic shrike
 43643 | Depths:3 | Noticed a caustic shrike
 43856 | Depths:3 | Noticed a juggernaut
 43888 | Depths:3 | Killed a juggernaut
 43925 | Depths:3 | Killed a caustic shrike
 43928 | Depths:3 | Killed a caustic shrike
 43935 | Depths:3 | Killed a caustic shrike
 43935 | Depths:3 | Received a gift from Okawaru
 43936 | Depths:3 | Killed a caustic shrike
 43996 | Depths:3 | Reached skill level 10 in Hexes
 44383 | Depths:3 | Received a gift from Okawaru
 44645 | Depths:4 | Entered Level 4 of the Depths
 44752 | Depths:4 | Found a portal to a secret trove of treasure.
 44798 | Depths:4 | Noticed Sojobo
 45007 | Depths:4 | Noticed the Enchantress
 45326 | Depths:4 | Noticed a juggernaut
 45336 | Depths:4 | Killed a juggernaut
 45337 | Depths:4 | Reached skill level 10 in Alchemy
 45398 | Depths:4 | Found Moet's Armour Shoppe.
 45404 | Depths:4 | Found Seajunk's Magic Scroll Emporium.
 45406 | Depths:4 | Found Beocvere's Armour Shoppe.
 45412 | Depths:4 | Bought a scroll of teleportation for 72 gold pieces
 45412 | Depths:4 | Bought a scroll of teleportation for 72 gold pieces
 45580 | Depths:4 | Received a gift from Okawaru
 45582 | Depths:4 | Killed the Enchantress
 45591 | Depths:4 | Killed Sojobo
 45592 | Depths:4 | Reached XP level 23. HP: 154/240 MP: 27/32
 45982 | Depths:4 | Found a gate to the Realm of Zot.
 46516 | Elf:1    | Entered Level 1 of the Elven Halls
 46957 | Elf:1    | Received a gift from Okawaru
 47090 | Elf:1    | Got the Secrets of Arcane Combat
 47158 | Elf:1    | Found Naceiffi's Weapon Boutique.
 47534 | Elf:2    | Found a runed translucent gate.
 47535 | Elf:2    | Found a runed translucent gate.
 47537 | Elf:2    | Found a runed translucent gate.
 47759 | Elf:2    | Identified the ring "Vuatal" {rElec rC+ Str-4 Int+6}
 47823 | Elf:2    | Paralysed by an air elemental for 1 turns
 47863 | Elf:2    | Identified the +8 demon blade "Lolelitu" {flame, *Noise
                  | Int+6}
 48431 | Elf:2    | Got the Handbook of the Synthesized Tropics
 48533 | Elf:3    | Entered Level 3 of the Elven Halls
 48537 | Elf:3    | Received a gift from Okawaru
 48570 | Elf:3    | Found Soumnuus's Assorted Antiques.
 48580 | Elf:3    | Bought a potion of cancellation for 232 gold pieces
 48580 | Elf:3    | Bought a scroll of revelation for 217 gold pieces
 48626 | Elf:3    | Noticed Donald
 48649 | Elf:3    | Killed Donald
 49087 | Elf:3    | Noticed Saint Roka
 49300 | Elf:3    | Paralysed by an air elemental for 1 turns
 50132 | Elf:3    | Learned a level 1 spell: Apportation
 50354 | Elf:3    | Identified the +4 morningstar "Ylacw" {drain, ^Contam
                  | Dex+4}
 50418 | Elf:3    | Identified the amulet "Laptezegh" {Faith Str+3 Dex+3}
 50580 | Elf:3    | Identified the ring "Jodasuxzint" {Fly rF+ SInv}
 50643 | Elf:3    | Killed Saint Roka
 50798 | Elf:3    | Reached skill level 15 in Throwing
 51176 | Elf:3    | Identified the +0 pair of gloves "Fooniyni" {rC++ Int-5}
 51586 | Slime:1  | Entered Level 1 of the Pits of Slime
 51851 | Slime:4  | Gained mutation: Your health recovers twice as slowly from
                  | being drained. [a shining eye]
 51903 | Slime:3  | Gained mutation: Your body sometimes deteriorates upon
                  | taking damage. [a shining eye]
 52058 | Slime:5  | Entered Level 5 of the Pits of Slime
 52151 | Slime:5  | Received a gift from Okawaru
 52427 | Slime:5  | Found a viscous altar of Jiyva.
 52474 | Slime:5  | Noticed the Royal Jelly
 52501 | Slime:5  | Killed the Royal Jelly
 52502 | Slime:5  | Reached XP level 24. HP: 247/249 MP: 31/32
 52638 | Slime:5  | Gained mutation: You are clumsy. (Dex -2) [a shining eye]
 52646 | Slime:4  | Lost mutation: Your health recovers twice as slowly from
                  | being drained. [potion of mutation]
 52646 | Slime:4  | Lost mutation: Your body sometimes deteriorates upon taking
                  | damage. [potion of mutation]
 52646 | Slime:4  | Gained mutation: You are vulnerable to cold. (rC-) [potion
                  | of mutation]
 52646 | Slime:4  | Gained mutation: You are robust. (+10% HP) [potion of
                  | mutation]
 52646 | Slime:4  | Lost mutation: You are clumsy. (Dex -2) [potion of
                  | mutation]
 52646 | Slime:4  | Gained mutation: You possess an exceptional clarity of
                  | mind. [potion of mutation]
 52647 | Slime:4  | Lost mutation: You are robust. (+10% HP) [potion of
                  | mutation]
 52647 | Slime:4  | Lost mutation: You are vulnerable to cold. (rC-) [potion of
                  | mutation]
 52647 | Slime:4  | Gained mutation: You have sharp toenails. [potion of
                  | mutation]
 52647 | Slime:4  | Gained mutation: Your system is resistant to poisons.
                  | (rPois) [potion of mutation]
 52774 | Slime:5  | Identified the ring "Tael" {^Drain rC+ rN++ MP+9 Str+6}
 52776 | Slime:5  | Got a slimy rune of Zot
 52783 | Slime:5  | Identified the +5 flail of Vaugrutube {drain, Will+ Dex+4
                  | Stlth-}
 52798 | Slime:5  | Identified the staff "Copiur" {rN+ Will+ Conj Hexes}
 52802 | Slime:5  | Found the +3 greatsling "Punk" {acid, rCorr}
 52850 | Slime:5  | Identified the +1 hat of Dramatic Exits {Fly rPois}
 53407 | Vaults:5 | Entered Level 5 of the Vaults
 54215 | Vaults:5 | Noticed a dread lich
 54259 | Vaults:5 | Received a gift from Okawaru
 54498 | Vaults:5 | Acquired the +7 broad axe of Collusion {speed, rPois rF+
                  | Will- rCorr}
 54602 | Vaults:5 | Identified the ring "Ylipseod" {rPois Str+2 Dex+4 Slay+2}
 55107 | Vaults:5 | Received a gift from Okawaru
 55744 | Vaults:5 | Identified the +1 pair of gloves of Ru's Pride {*Slow Dex+3
                  | SInv}
 55804 | Vaults:5 | Killed a dread lich
 55869 | Vaults:5 | Identified the +1 ring mail of Nuraxuo {-Tele rElec Regen+}
 55877 | Vaults:5 | Acquired 827 gold pieces
 56055 | Vaults:5 | Got a silver rune of Zot
 56519 | Vaults:5 | Identified the +10 plate armour "Citsuaturr" {Harm Str+5
                  | Int-4}
 56527 | Vaults:5 | Received a gift from Okawaru
 56711 | Depths:1 | Identified the +9 war axe of a Billion Dreams {drain, Int+4
                  | Dex+3}
 56717 | Depths:1 | Got the Book of Combat Magic
 56790 | Zig:1    | Entered Level 1 of a ziggurat
 56800 | Zig:1    | Gained mutation: You are dopey. (Int -2) [a shining eye]
 56930 | Zig:2    | Entered Level 2 of a ziggurat
 57071 | Zig:3    | Entered Level 3 of a ziggurat
 57084 | Zig:3    | Noticed a Killer Klown
 57084 | Zig:3    | Noticed a Killer Klown
 57089 | Zig:3    | Killed a Killer Klown
 57093 | Zig:3    | Killed a Killer Klown
 57119 | Zig:4    | Entered Level 4 of a ziggurat
 57190 | Zig:4    | Reached XP level 25. HP: 257/257 MP: 32/32
 57194 | Zig:5    | Entered Level 5 of a ziggurat
 57205 | Zig:5    | Noticed a dread lich
 57206 | Zig:5    | Paralysed by a dread lich for 3 turns
 57211 | Zig:5    | Paralysed by a dread lich for 3 turns
 57222 | Zig:5    | Killed a dread lich
 57229 | Zig:5    | Reached skill level 10 in Evocations
 57285 | Zig:6    | Entered Level 6 of a ziggurat
 57292 | Zig:6    | Noticed an ancient lich
 57302 | Zig:6    | Killed an ancient lich
 57363 | Zig:6    | Identified the ring "Jesia" {EV+5 Str+3 Int+4 Dex+5 Stlth-}
 57371 | Zig:7    | Entered Level 7 of a ziggurat
 57420 | Zig:7    | Reached XP level 26. HP: 248/266 MP: 32/32
 57432 | Zig:7    | Found the +4 skin of Zhor {*Englaciate rC+++ SInv}
 57479 | Zig:8    | Entered Level 8 of a ziggurat
 57530 | Zig:8    | Gained mutation: You are clumsy. (Dex -2) [a shining eye]
 57578 | Zig:8    | Acquired 691 gold pieces
 57759 | Zig:9    | Entered Level 9 of a ziggurat
 57770 | Zig:9    | Found the +7 great mace "Firestarter" {flame, immolate,
                  | rFlCloud rF++}
 57780 | Zig:9    | Noticed Tyibukh the pandemonium lord
 58097 | D:10     | Bought a potion of haste for 290 gold pieces
 58097 | D:10     | Bought a scroll of fog for 116 gold pieces
 58304 | Shoals:4 | Killed LobsterGuardian's ghost
 58310 | Shoals:4 | Identified the +0 pair of gloves "Enour" {rF++ rN+}
 58669 | Zot:1    | Entered Level 1 of the Realm of Zot
 58733 | Depths:4 | Received a gift from Okawaru
 61168 | Zot:1    | Received a gift from Okawaru
 62830 | Zot:2    | Found a stormy altar of Qazlal.
 62830 | Zot:2    | Found a stormy altar of Qazlal.
 63828 | Zot:2    | Received a gift from Okawaru
 63836 | Zot:2    | Reached skill level 10 in Dodging
 64814 | Zot:3    | Identified the +9 halberd of Past Mistakes {freeze, Str+4
                  | Int+9}
 65840 | Zot:3    | Received a gift from Okawaru
 67030 | Zot:4    | Reached XP level 27. HP: 264/273 MP: 32/32
 67444 | Zot:5    | Entered Level 5 of the Realm of Zot
 67849 | Zot:5    | Identified the +3 flail "Botautt" {speed, Int+5}
 68073 | Zot:5    | Received a gift from Okawaru
 68299 | Zot:5    | Noticed an orb of fire
 68302 | Zot:5    | Noticed an orb of fire
 68317 | Zot:5    | Killed an orb of fire
 68323 | Zot:5    | Killed an orb of fire
 68332 | Zot:5    | Noticed an ancient lich
 68334 | Zot:5    | Noticed an ancient lich
 68339 | Zot:5    | Noticed an ancient lich
 68350 | Zot:5    | Killed an ancient lich
 68351 | Zot:5    | Noticed an ancient lich
 68354 | Zot:5    | Killed an ancient lich
 68355 | Zot:5    | Noticed an ancient lich
 68365 | Zot:5    | Killed an ancient lich
 68376 | Zot:5    | Killed an ancient lich
 68577 | Zot:5    | Received a gift from Okawaru
 69465 | Zot:5    | Learned a level 4 spell: Passage of Golubria
 69706 | Zot:5    | Received a gift from Okawaru
 69869 | Zot:5    | Killed an ancient lich
 71910 | Pan      | Entered Pandemonium
 72001 | Pan      | Noticed Ignacio
 72018 | Pan      | Killed Ignacio
 72406 | Pan      | Acquired 338 gold pieces
 72514 | Pan      | Found an exit through the horrors of the Abyss.
 72761 | Pan      | Got a demonic rune of Zot
 72791 | Pan      | Identified the +0 buckler "Xafirch" {Int+4}
 72808 | Pan      | Reached skill level 15 in Evocations
 73371 | Pan      | Received a gift from Okawaru
 73797 | Pan      | Found a transporter.
 74808 | Pan      | Reached skill level 15 in Dodging
 74970 | Pan      | Found an exit through the horrors of the Abyss.
 75069 | Pan      | Noticed Akynoh the pandemonium lord
 75205 | Pan      | Received a gift from Okawaru
 75458 | Abyss:3  | Cast into level 3 of the Abyss (demonspawn warmonger)
 75554 | Abyss:3  | Found a corrupted altar of Lugonu.
 75559 | Pan      | Escaped the Abyss
 75603 | Pan      | Gained mutation: You are very clumsy. (Dex -4) [a
                  | cacodemon]
 75895 | Pan      | Killed Akynoh the pandemonium lord
 76497 | Pan      | Received a gift from Okawaru
 76588 | Pan      | Found an exit through the horrors of the Abyss.
 76732 | Pan      | Gained mutation: You are frail. (-10% HP) [a cacodemon]
 77098 | Pan      | Found a glowing silver altar of Zin.
 77132 | Pan      | Received a gift from Okawaru
 77353 | Pan      | Found a white marble altar of Elyvilon.
 77791 | Depths:2 | Escaped Pandemonium
 77991 | Crypt:1  | Entered Level 1 of the Crypt
 78106 | Crypt:1  | Found a magical portal.
 78114 | WizLab   | Entered Eringya's Formal Garden
 78222 | WizLab   | Received a gift from Okawaru
 78799 | WizLab   | Found a blossoming altar of Fedhas.
 79047 | Crypt:1  | Noticed Jory
 79069 | Crypt:1  | Killed Jory
 79806 | Crypt:2  | Paralysed by a vampire knight for 2 turns
 80491 | Crypt:3  | Entered Level 3 of the Crypt
 80534 | Crypt:3  | Noticed Mennas
 80585 | Crypt:3  | Killed Mennas
 80737 | Crypt:3  | Received a gift from Okawaru
 80810 | Crypt:3  | Reached skill level 15 in Alchemy
 81101 | Crypt:3  | Found a staircase to the Tomb.
 81101 | Crypt:3  | Noticed a royal mummy
 81121 | Crypt:3  | Killed a royal mummy
 81321 | Crypt:3  | Identified the +2 robe of Privacy {rElec}
 81321 | Crypt:3  | Noticed Boris
 81333 | Crypt:3  | Killed Boris
 81392 | Crypt:3  | Identified the ring of the Present {Ice Str+3 SInv}
 81392 | Crypt:3  | Noticed Josephina
 81406 | Crypt:3  | Killed Josephina
 81469 | Crypt:3  | Noticed Margery
 81521 | Crypt:3  | Killed Margery
 81571 | Crypt:3  | Found an ancient bone altar of Kikubaaqudgha.
 81642 | Crypt:3  | Noticed a dread lich
 81667 | Crypt:3  | Killed a dread lich
 81961 | Crypt:3  | Identified the staff "Niemp" {rN+ Str+4 Stlth- Conj Necro}
 81961 | Crypt:3  | Identified the death talisman "Kaptod" {rC+ Int+3 Slay+2
                  | SInv}
 81972 | Crypt:3  | Identified the +1 long sword of Experimentation {freeze,
                  | rElec Will+ rCorr}
 82622 | Crypt:3  | Identified the staff of the Ten Olives {rElec rC- rN+ Str+2
                  | Dex+5 Air}
 82786 | Crypt:2  | Identified the +5 battleaxe "Ditteo" {elec, *Corrode rC+
                  | rN+ Int+6}
 82863 | Crypt:2  | Noticed an ancient lich
 82875 | Crypt:2  | Killed an ancient lich
 82875 | Crypt:2  | Received a gift from Okawaru
 82940 | Crypt:2  | Learned a level 5 spell: Alistair's Intoxication
 83400 | Zot:5    | Got the Orb of Zot
 83803 | D:7      | Noticed Nikoebamp the pandemonium lord
 83849 | D:6      | Killed Nikoebamp the pandemonium lord
 83986 | D:$      | Escaped with the Orb!

Illustrated notes

Levels and vault maps discovered:
D:1:      dpeg_arrival_houses_and_road, layout_basic, serial_shops, shop, shop,
          minmay_small_reverse_x
D:2:      layout_rooms, basic_altar, st_stairs_11, minmay_strange_pillars,
          serial_park_tiny_1
D:3:      layout_basic, okawaru_trees_1
D:4:      layout_basic, palyth_stone_intersect, nicolae_shop_fire_sale
          [nicolae_sub_dead_trees], uniq_sigmund, uniq_blork_the_orc
D:5:      layout_basic, marbit_many_paths, lemuel_round_altar,
          kennysheep_mini_moat, serial_shops, shop, minmay_tree_intersection,
          uniq_eustachio
D:6:      layout_basic, mainiacjoe_overflow_chevrons,
          minmay_temple_entry_offerings
D:7:      hangedman_cross_stitches, layout_cave_pools, minmay_puff
D:8:      layout_gridville, enter_bailey_2, uniq_prince_ribbit1, uniq_amaemon,
          uniq_erica
D:9:      layout_small_grid, mainiacjoe_overflow_24_doors, lemuel_crystal_altar
D:10:     layout_cave_pools, nicolae_overflow_crystal_walls,
          yredelemnul_forgotten_temple_becter, nicolae_stop_n_shop_2
D:11:     layout_rooms, minmay_lair_entry_grove, portal_ice_cave_rime,
          serial_bayou, serial_bayou_lake_a, serial_bayou_pond_c,
          serial_bayou_lagoon_a, serial_bayou_pond_a, serial_bayou_lagoon_b,
          nicolae_elyvilon_temple_path
D:12:     layout_basic, david_orc_4, serial_rivers,
          chequers_serial_rivers_room_a, chequers_serial_rivers_large_b,
          chequers_serial_rivers_marsh, chequers_serial_rivers_room_b,
          chequers_serial_rivers_micro_d, uniq_lodul
D:13:     layout_layer_cave
D:14:     layout_basic, grunt_vaults_entry_tiered, nzn_wu_jian_contemplation
D:15:     gammafunk_depths_entry_grave, layout_basic,
          chequers_serial_rivers_micro_e
Lair:1:   layout_small_grid, lemuel_fruit_tree, grunt_megastairs_5
Lair:2:   layout_regular_city, elwin_shoals_entry_rocks, minmay_lindwurm_lava
Lair:3:   layout_misc_corridors, nicolae_snake_entry_squirm,
          serial_bayou_shore_a, serial_bayou_shore_b,
          infiniplex_staircase_pool_2, grunt_megastairs_3
Lair:4:   statuecave_lemuel, layout_small_grid, chequers_serial_rivers_micro_a,
          dreamdust_mushroom_princess
Lair:5:   hellmonk_lair_end_abyssal_woods, layout_gridlike,
          dpeg_slime_entry_enclosed, chequers_serial_rivers_room_b, uniq_rupert
Shoals:1: layout_shoals, nzn_prometheus_bound
Shoals:2: layout_shoals, st_sunken_huts
Shoals:3: layout_shoals, uniq_mara, uniq_louise, uniq_ilsuiw, uniq_polyphemus
Shoals:4: shoals_end_hangedman, layout_shoals, gammafunk_ghost_berserking_beasts
Snake:1:  layout_gridlike, grunt_ministairs_4, nicolae_twisty_statue_hallways,
          uniq_aizul
Snake:2:  nicolae_snake_nest, layout_cave_town,
          gammafunk_ghost_wrathful_warriors, nicolae_snake_gridmaze_big_u,
          library_closet
Snake:3:  layout_onion_interference, serial_shops, shop, drop_trap,
          nicolae_shop_i_like_big_books, nicolae_snake_gridmaze_swirls
Snake:4:  minmay_snake_end_coiled, layout_grid_shapes, st_stairs_9,
          nicolae_snake_ghostly_warrior_ritual, minmay_shoptagon, uniq_vashnia,
          uniq_roxanne, uniq_agnes
Slime:1:  layout_caves, nicolae_slime_phagocytosis
Slime:2:  layout_caves, uniq_dissolution
Slime:3:  layout_caves, basic_altar
Slime:4:  cheibrodos_slime_lost_civilization_10, layout_caves
Slime:5:  slime_pit
Orc:1:    layout_caves, gammafunk_ghost_smash, nicolae_shop_gadgets
Orc:2:    grunt_orc_gardens, layout_diamond_mine, grunt_orc_garden,
          grunt_orc_garden, grunt_orc_garden, grunt_orc_garden,
          nicolae_volcano_entry_vermiform, nicolae_shop_overcharged_wands,
          uniq_urug, uniq_maurice
Elf:1:    minmay_elf_arrival_summoners, layout_rooms, serial_shops,
          nicolae_shop_hallway_stairs, minmay_elf_annihilation
Elf:2:    elven_hall_of_blades_hangedman_original
          [nicolae_blade_entry_area_security], layout_loops_corners,
          minmay_the_grid_square_5x5_3x3_mashed [minmay_the_grid_square_5x5_meh,
          minmay_the_grid_square_5x5_broken_cross,
          minmay_the_grid_square_5x5_spiral,
          minmay_the_grid_square_5x5_pentomino_r,
          minmay_the_grid_square_5x5_megaprize_open,
          minmay_the_grid_square_5x5_checkered_sparse,
          minmay_the_grid_square_5x5_three_small,
          minmay_the_grid_square_5x5_inverted_slash,
          minmay_the_grid_square_5x5_shrine2]
Elf:3:    elf_hall_gauntlet_narrow, layout_geoelf_castle, serial_shops, shop,
          minivault_27, uniq_saint_roka, uniq_donald
Vaults:1: v_misc_15, nicolae_vaults_house_3, nicolae_vaults_tangram_1,
          v_misc_10, ontoclasm_vaults_fault, nicolae_vaults_theta, v_misc_13,
          nicolae_vaults_house_1, nicolae_vaults_house_3, v_misc_12,
          nicolae_vaults_storage_closets_3, nicolae_vaults_wrenched,
          vaults_mumra_minichess_inversion, layout_vaults_omnibox
Vaults:2: nicolae_vaults_offset_grid_hallway_3, nicolae_vaults_more_shelving_2,
          nicolae_vaults_door_testing_chamber, nicolae_vaults_house_2,
          nicolae_vaults_inception_network, nicolae_vaults_stairing_the_circle,
          nicolae_vaults_sealed_display, vaults_mumra_minichess,
          nicolae_vaults_double_plus_1, vaults_room_hallway,
          nicolae_vaults_little_ls, nicolae_vaults_closet_pinwheel_1,
          layout_vaults_omnigrid, serial_shops, uniq_norris, uniq_frederick
Vaults:3: nicolae_vaults_fighting_squares, ontoclasm_vaults_ring_square,
          minmay_crypt_entry_necro_gods, nicolae_vaults_tetromino_T_1,
          v_pattern_2, nicolae_vaults_border_crossing, ontoclasm_vaults_chip,
          layout_vaults_big_room, uniq_bai_suzhen
Vaults:4: vaults_dpeg_diagonal, minmay_orc_keep,
          nicolae_vaults_doubleplus_tesselated, v_alt_pattern_3, v_misc_2,
          hangedman_vaults_maws, v_pattern_5, nicolae_vaults_six-pack,
          st_octagons_2, v_misc_14, layout_vaults_maze_snakey
Vaults:5
Crypt:1:  layout_basic, mu_enter_wizlab_4, grunt_crypt_arrival_split, uniq_jory
Crypt:2:  layout_chaotic_city, nicolae_crypt_vampire_mansion,
          roderic_lattice_octagonal_star
Crypt:3:  evilmike_haunted_forest, uniq_mennas, uniq_josephina, uniq_boris,
          uniq_margery
Depths:1: layout_gridlike, enter_ziggurat_c, hell_entry, chequers_jeans,
          abyss_entry_small_statue_room, minivault_15, lemuel_flamethrower_1,
          grunt_megastairs_2, infiniplex_staircase_pool_lava,
          serial_bayou_shore_b
Depths:2: regret_index_all_hallows'_manor, layout_cave_shapes, pan_entry,
          nzn_ghost_randoct, hangedman_geh_valley, minivault_21,
          xom_confusion_cloud
Depths:3: grunt_runaround [grunt_runaround_loot, grunt_runaround_doors_1,
          grunt_runaround_doors_2, grunt_runaround_doors_3,
          grunt_runaround_doors_4], hell_entry, abyss_entry
Depths:4: grunt_zot_entry_bicorn, layout_honeycomb,
          nicolae_trove_entry_isolated, hell_entry, minmay_misc_feat_iff,
          minmay_shop_star, grunt_megastairs_4, uniq_sojobo, uniq_enchantress
Zot:1:    layout_gridville, hangedman_zot_decor_unnerving_road,
          grunt_ministairs_2, amethyst_zot_foddershock
Zot:2:    layout_gridlike, regret_index_zotdec_storm_pass
Zot:3:    gammafunk_mikee_crab_dinner, layout_misc_corridors,
          regret_index_zotdec_twisting_globes
Zot:4:    kennysheep_blocky_room, layout_misc_corridors, grunt_ministairs_11
Zot:5:    layout_twisted_circle, st_stairs_8

Skill      XL: |  1  2  3  4  5  6  7  8  9 10 11 12 13 14 15 16 17 18 19 20 21 22 23 24 25 26 27 |
---------------+----------------------------------------------------------------------------------+-----
Axes           | 3 4 6 7 8 11 12 14 16 18 | 18.0
Fighting       | 5 6 9 12 14 16 19 20 22 25 27 | 27.0
Armour         | 5 6 9 10 11 15 20 21 23 | 23.5
Shields        | 6 8 9 11 12 14 | 14.0
Invocations    | 8 |  8.0
Dodging        | 3 6 7 8 12 15 | 15.0
Evocations     | 6 9 10 21 | 21.2
Translocations | 3 7 8 |  8.0
Throwing       | 2 7 10 12 16 | 16.0
Spellcasting   | 3 6 |  6.0
Alchemy        | 7 10 11 12 16 | 16.8
Hexes          | 7 10 12 | 12.0

Action                     |  1- 3 |  4- 6 |  7- 9 | 10-12 | 13-15 | 16-18 | 19-21 | 22-24 | 25-27 || total
---------------------------+-------+-------+-------+-------+-------+-------+-------+-------+-------++-------
  Melee: War axe           |   114 |    88 |   122 |       |       |       |       |       |       ||   324
         Broad axe         |       |       |   111 |   228 |  1175 |  1438 |  1533 |  1493 |  3565 ||  9543
  Throw: Javelin           |       |       |       |       |       |       |       |    65 |    62 ||   127
   Cast: Lesser Beckoning  |       |       |       |       |       |    22 |    36 |    25 |     1 ||    84
         Blink             |       |       |       |       |       |     5 |       |       |       ||     5
         Apportation       |       |       |       |       |       |       |       |    39 |    32 ||    71
         Yara's Violent Un |       |       |       |       |       |       |       |    12 |     5 ||    17
         Dimensional Bulls |       |       |       |       |       |       |       |     2 |     2 ||     4
 Invoke: Heroism           |       |       |     1 |     2 |     2 |     9 |     7 |    18 |    22 ||    61
         Receive Weapon    |       |       |       |       |     1 |       |       |       |       ||     1
         Receive Armour    |       |       |       |       |     1 |       |       |       |       ||     1
         Finesse           |       |       |       |       |     1 |     3 |     2 |     7 |     8 ||    21
  Evoke: Wand              |       |       |     2 |     6 |       |       |     3 |    10 |     9 ||    30
    Use: Potion            |       |     1 |     2 |     4 |     5 |     4 |     8 |    22 |    32 ||    78
         Scroll            |       |     3 |     7 |     6 |    17 |    11 |     7 |    19 |    39 ||   109
   Stab: Invisible         |       |       |       |       |       |       |       |    18 |    21 ||    39
         Distracted        |       |       |       |       |       |       |       |     3 |       ||     3
 Armour: Scale mail        |   102 |    68 |    85 |       |       |       |       |       |       ||   255
         Chain mail        |       |       |   133 |    51 |       |       |       |       |       ||   184
         Plate armour      |       |       |       |    55 |   505 |       |       |       |       ||   560
         Crystal plate arm |       |       |       |       |   180 |   999 |   951 |  1168 |  2778 ||  6076
  Dodge: Dodged            |    57 |    43 |   108 |    38 |   291 |   303 |   319 |   468 |  1410 ||  3037
  Block: Buckler           |    22 |     9 |    58 |    25 |       |       |       |       |       ||   114
         Kite shield       |       |       |       |    58 |   821 |   986 |   868 |   699 |   368 ||  3800
         Reflection        |       |       |       |       |       |       |     1 |     4 |       ||     5

Table legend: (Time is in decaauts)
 A = Elapsed time spent in this place.
 B = Non-inter-level travel time spent in this place.
 C = Inter-level travel time spent in this place.
 D = Time resting spent in this place.
 E = Time spent auto-exploring this place.
 F = Levels seen in this place.
 G = Mean time per level.
                   A        B        C        D        E       F      G
               +--------+--------+--------+--------+--------+-----+--------+
         Total |  81155 |  72586 |   8569 |  14609 |  33682 |  74 | 1096.7 |
       Dungeon |  17431 |  14236 |   3195 |   1627 |   9563 |  15 | 1162.1 |
          Lair |   6188 |   5095 |   1093 |    503 |   3283 |   5 | 1237.6 |
        Shoals |   4536 |   4037 |    499 |    363 |   2155 |   4 | 1134.0 |
     Snake Pit |   4957 |   4705 |    252 |    924 |   2443 |   4 | 1239.2 |
    Slime Pits |   1433 |   1411 |     22 |    570 |      0 |   5 |  286.6 |
  Orcish Mines |   1642 |   1396 |    246 |    120 |    787 |   2 |  821.0 |
   Elven Halls |   4628 |   4331 |    297 |   1081 |   1849 |   3 | 1542.7 |
        Vaults |   9732 |   8668 |   1064 |   1915 |   4026 |   5 | 1946.4 |
         Crypt |   3812 |   3632 |    180 |    290 |   2157 |   3 | 1270.7 |
        Depths |   8904 |   7672 |   1232 |   1827 |   2956 |   4 | 2226.0 |
           Zot |   9476 |   8992 |    484 |   3637 |   2145 |   5 | 1895.2 |
         Abyss |     96 |     96 |      0 |     75 |      4 |   1 |   96.0 |
   Pandemonium |   5146 |   5146 |      0 |    864 |   1669 |   6 |  857.7 |
      Ziggurat |    959 |    959 |      0 |    390 |     25 |   9 |  106.6 |
        Bailey |   1014 |   1014 |      0 |    301 |     70 |   1 | 1014.0 |
       Volcano |    482 |    482 |      0 |     14 |    204 |   1 |  482.0 |
        Wizlab |    711 |    711 |      0 |    104 |    342 |   1 |  711.0 |
               +--------+--------+--------+--------+--------+-----+--------+

Top non-repeatable levels by time:
   Elf:3: 2845 daAuts
   Zot:1: 2710 daAuts
Vaults:5: 2418 daAuts
Depths:3: 2397 daAuts
Vaults:2: 2336 daAuts
Depths:1: 2321 daAuts
Vaults:4: 2229 daAuts
Depths:4: 2151 daAuts
Depths:2: 2033 daAuts
    D:12: 2016 daAuts
   Zot:5: 1931 daAuts
   Zot:3: 1907 daAuts
 Crypt:3: 1827 daAuts
 Snake:4: 1822 daAuts
   Zot:4: 1788 daAuts
